 Dungeon Crawl Stone Soup version 0.18.1-50-g88ac8fd (webtiles) character file.

4767 KarmaPolice the Fighter (level 10, -5/90 HPs)
             Began as a White Draconian Skald on Sept 24, 2016.
             Was a Priest of Okawaru.
             Slain by a killer bee (6 damage)
             ... on level 7 of the Dungeon on Sept 27, 2016.
             The game lasted 00:37:15 (11607 turns).

KarmaPolice the Fighter (White Draconian Skald)    Turns: 11607, Time: 00:37:16

Health: -5/90      AC:  8    Str: 18      XL:     10   Next: 23%
Magic:  1/14       EV: 18    Int: 12      God:    Okawaru [***...]
Gold:   272        SH:  0    Dex: 10 (11) Spells: 3 memorised, 9 levels left

rFire  . . .     SeeInvis .     a - +0 spear
rCold  + . .     Gourm    .     (armour unavailable)
rNeg   . . .     Faith    .     (no shield)
rPois  .         Spirit   .     (helmet restricted)
rElec  .         Dismiss  .     (no cloak)
rCorr  .         Reflect  .     (no gloves)
SustAt .         Harm     .     q - +0 pair of boots
MR     .....                    (no amulet)
Stlth  ++........               j - ring of wizardry
                                y - +4 ring of evasion

@: lethally poisoned (-5 -> -10), short of breath, heroism, not resistant to
hostile enchantments, unstealthy
A: breathe frost, unfitting armour, cold resistance 1, cold-blooded, AC +7
a: Breathe Frost, Heroism, Renounce Religion


You were on level 7 of the Dungeon.
You worshipped Okawaru.
Okawaru was most pleased with you.
You were near starving.

You visited 1 branch of the dungeon, and saw 8 of its levels.

You collected 349 gold pieces.
You spent 77 gold pieces at shops.

Inventory:

Hand Weapons
 a - a +0 spear (weapon)
Armour
 q - a +0 pair of boots (worn)
Jewellery
 e - an uncursed ring of magical power
 f - an uncursed ring of stealth
 h - an uncursed ring of protection from fire
 j - a ring of wizardry (right hand)
 y - a +4 ring of evasion (left hand)
Wands
 s - a wand of confusion (28/48)
 v - a wand of polymorph (11/24)
Scrolls
 d - 2 scrolls of identify
 g - a scroll of enchant armour
 l - 2 scrolls of teleportation
 m - 3 scrolls of amnesia
 p - 5 scrolls of remove curse
 r - 2 scrolls of fog
 t - a scroll of blinking
 C - a scroll of enchant weapon
Potions
 k - a potion of might
 z - a potion of brilliance
Books
 b - a book of Battle

   Spells                             Type                      Level
   a - Infusion                       Charms                       1
   b - Shroud of Golubria             Charms/Translocation         2
   c - Song of Slaying                Charms                       2
   d - Spectral Weapon                Hexes/Charms                 3
   e - Regeneration                   Charms/Necromancy            3
 w - an Akashic Record

   Spells                             Type                      Level
   a - Dispersal                      Translocation                6
   b - Malign Gateway                 Summoning/Translocation      7
   c - Disjunction                    Translocation                8
   d - Controlled Blink               Translocation                8
Comestibles
 c - 5 bread rations
 i - 10 slices of pizza
 n - a royal jelly
 o - 7 meat rations
 u - 2 beef jerkies
 A - 3 fruits


   Skills:
 + Level 8.7(13.7) Fighting
 + Level 7.4(12.4) Polearms
 - Level 1.3(6.3) Dodging
 + Level 3.3 Spellcasting
 - Level 6.0 Hexes
 - Level 5.4 Charms
 + Level 6.4 Invocations


You had 9 spell levels left.
You knew the following spells:

 Your Spells              Type           Power        Failure   Level  Hunger
a - Infusion              Chrm           ###.         1%          1    #......
b - Shroud of Golubria    Chrm/Tloc      #.........   4%          2    ###....
c - Spectral Weapon       Hex/Chrm       ###.....     4%          3    ###....


Dungeon Overview and Level Annotations

Branches:
Dungeon (8/15)             Temple (0/1) D:4
   Lair: D:8-11

Altars:
Ashenzari
Fedhas
Gozag
Kikubaaqudgha
Makhleb
Okawaru
Sif Muna
Zin
The Shining One

Shops:
D:4 :   D:5 [   D:6 *   D:7 ?


Innate Abilities, Weirdness & Mutations

You can breathe waves of freezing cold.
You can buffet flying creatures when you breathe cold.
Your icy white scales are hard (AC +7).
Your body does not fit into most forms of armour.
Your flesh is cold resistant.
You are cold-blooded and may be slowed by cold attacks.


Message History

You are too injured to fight recklessly!
You are too injured to fight recklessly!
You are too injured to fight recklessly!
You are too injured to fight recklessly!
You are too injured to fight recklessly!
You hit the killer bee.
The killer bee is heavily wounded.
* * * LOW HITPOINT WARNING * * *
You feel sick. The killer bee barely misses you.
You hit the killer bee.
The killer bee is severely wounded.
The killer bee closely misses you.
You hit the killer bee.
The killer bee is almost dead.
* * * LOW HITPOINT WARNING * * *
You feel sick. The killer bee closely misses you.
You closely miss the killer bee.
The killer bee is almost dead.
The killer bee stings you.
You die...

##
#.#........#######.#
##### # .#
#.##.#####.........#
#...### .# #.##.#
#.#######[# #......
.####.##.# #.# #.#
#...### ......##.#
#.# #.# ##.##
[#######.# #.# #.###
#.# .#######.# #.#
#.#.###.# #........#
#<#######..#.##.#
.#########
#..@y.......#.#.# .#
########..#.##..####
.## #.#...###.....
..### ##.##.##.#####
....## ##.#.#.##
.....# ##...##
.#.#.### ##.##
...#...# #.#
.###...# #.#


You could see a killer bee.

Vanquished Creatures
  A polar bear (D:8)
  2 yaks
  A hog (D:7)
  A hippogriff (D:7)
  A human (D:7)
  An orc warrior (D:6)
  3 sky beasts
  2 ice beasts (D:8)
  A black bear (D:7)
  4 ogres
  A wolf (D:8)
  2 centaurs (D:5)
  4 giant frogs
  A water moccasin zombie (D:8)
  A scorpion (D:5)
  11 killer bees (D:7)
  5 wights (D:7)
  2 jellies
  A crimson imp (D:5)
  A quasit (D:8)
  2 centaur zombies
  2 giant frog zombies (D:5)
  4 hounds
  A centaur skeleton (D:4)
  A gnoll shaman (D:4)
  9 orc priests
  A giant frog skeleton (D:5)
  7 orc wizards
  3 iguanas
  6 worker ants
  2 sheep (D:7)
  A giant frog simulacrum (D:8)
  6 gnolls
  A howler monkey zombie (D:6)
  A worker ant zombie (D:6)
  15 adders
  A shadow imp (D:7)
  3 oozes
  An adder skeleton (D:4)
  3 worms
  3 dart slugs
  An adder simulacrum (D:8)
  6 giant geckos
  33 orcs
  A ball python (D:4)
  8 giant cockroaches
  8 goblins
  12 hobgoblins
  16 jackals
  7 kobolds
  3 quokkas
  A ball python zombie (D:5)
  11 bats
  A giant gecko skeleton (D:7)
  3 giant newts
  A jackal simulacrum (D:8)
  A jackal skeleton (D:4)
  8 rats
240 creatures vanquished.

Vanquished Creatures (others)
  2 spectral weapons (D:3)
2 creatures vanquished.

Grand Total: 242 creatures vanquished

Notes
Turn   | Place    | Note
--------------------------------------------------------------
     0 | D:1      | KarmaPolice the Draconian Skald began the quest for the Orb.
     0 | D:1      | Reached XP level 1. HP: 17/17 MP: 3/3
   201 | D:1      | Reached XP level 2. HP: 25/25 MP: 5/5
   206 | D:1      | Learned a level 2 spell: Shroud of Golubria
   664 | D:1      | Reached XP level 3. HP: 28/30 MP: 6/6
  1508 | D:2      | Reached skill level 3 in Fighting
  1684 | D:2      | Reached XP level 4. HP: 36/38 MP: 4/7
  2916 | D:3      | Reached XP level 5. HP: 44/46 MP: 8/8
  3143 | D:3      | Found an ancient bone altar of Kikubaaqudgha.
  3152 | D:3      | Found a glowing golden altar of the Shining One.
  3751 | D:2      | Reached skill level 4 in Fighting
  4027 | D:3      | Learned a level 3 spell: Spectral Weapon
  4588 | D:3      | Reached skill level 1 in Hexes
  4588 | D:3      | Reached XP level 6. HP: 36/52 MP: 0/9
  4695 | D:3      | Gained mutation: You are agile. (Dex +2) [potion of mutation]
  4695 | D:3      | Gained mutation: Your natural rate of healing is unusually fast. [potion of mutation]
  4695 | D:3      | Gained mutation: Your mind is acute. (Int +2) [potion of mutation]
  4776 | D:4      | Found an opulent altar of Gozag.
  4922 | D:4      | Found a staircase to the Ecumenical Temple.
  5214 | D:4      | Found a blossoming altar of Fedhas.
  5376 | D:4      | Your scales start taking on an icy white colour.
  5376 | D:4      | Reached XP level 7. HP: 60/60 MP: 10/10
  5376 | D:4      | Gained mutation: Your flesh is cold resistant. [White Draconian growth]
  5379 | D:4      | Found Jutogg's Book Shoppe.
  5420 | D:4      | Found an opulent altar of Gozag.
  5430 | D:4      | Found a shattered altar of Ashenzari.
  5433 | D:4      | Found an iron altar of Okawaru.
  5454 | D:4      | Became a worshipper of Warmaster Okawaru
  5460 | D:4      | Found a deep blue altar of Sif Muna.
  5641 | D:4      | Reached skill level 5 in Fighting
  5778 | D:5      | Entered Level 5 of the Dungeon
  5795 | D:5      | Reached skill level 5 in Charms
  6254 | D:5      | Reached * piety under Okawaru
  6390 | D:5      | Reached XP level 8. HP: 32/70 MP: 0/11
  6843 | D:5      | Reached skill level 6 in Fighting
  6843 | D:5      | Reached skill level 5 in Polearms
  6867 | D:5      | Found Vehy's Antique Armour Shop.
  6973 | D:6      | Reached skill level 1 in Invocations
  7611 | D:6      | Noticed an angel
  7643 | D:6      | Found a glowing silver altar of Zin.
  7645 | D:6      | Found Orcham's Hallowed Reliquary.
  7988 | D:7      | Found Qoanyezergh's Magic Scroll Shop.
  7991 | D:7      | Bought a scroll of immolation for 49 gold pieces
  7991 | D:7      | Bought a scroll of identify for 28 gold pieces
  8087 | D:7      | Reached skill level 7 in Fighting
  8087 | D:7      | Reached XP level 9. HP: 49/79 MP: 0/12
  8219 | D:7      | Reached ** piety under Okawaru
  8371 | D:7      | Lost mutation: Your mind is acute. (Int +2) [potion of cure mutation]
  8371 | D:7      | Lost mutation: You are agile. (Dex +2) [potion of cure mutation]
  8371 | D:7      | Lost mutation: Your natural rate of healing is unusually fast. [potion of cure mutation]
  8898 | D:6      | Reached skill level 5 in Hexes
  9628 | D:7      | Reached skill level 5 in Invocations
  9682 | D:7      | Reached skill level 8 in Fighting
 10360 | D:7      | Found a burning altar of Makhleb.
 10501 | D:8      | Noticed a hill giant
 10529 | D:7      | Reached *** piety under Okawaru
 10745 | D:8      | Reached XP level 10. HP: 67/89 MP: 11/14
 11601 | D:7      | HP: 4/90 [killer bee (6)]
 11604 | D:7      | HP: 1/90 [poisoned by a killer bee]
 11607 | D:7      | Slain by a killer bee

Skill      XL: |  1  2  3  4  5  6  7  8  9 10 |
---------------+-------------------------------+-----
Charms         | 3 4 5 |  5.4
Fighting       | 3 4 5 7 8 |  8.7
Polearms       | 3 4 6 7 |  7.4
Hexes          | 1 3 4 6 |  6.0
Invocations    | 3 5 6 |  6.4
Spellcasting   | 3 |  3.3
Dodging        | |  1.3

Action                   |  1- 3 |  4- 6 |  7- 9 | 10-12 || total
-------------------------+-------+-------+-------+-------++-------
Melee: Spear             |   181 |   414 |   882 |   211 ||  1688
       Tailslap          |    16 |    39 |   104 |    23 ||   182
       Punch             |       |       |     4 |       ||     4
 Cast: Shroud of Golubri |     2 |    14 |    23 |     6 ||    45
       Infusion          |       |     8 |    24 |     6 ||    38
       Spectral Weapon   |       |     3 |       |       ||     3
Invok: Heroism           |       |       |     9 |     1 ||    10
 Abil: Breathe Frost     |       |       |    13 |     2 ||    15
Evoke: Wand              |       |       |       |     1 ||     1
  Use: Potion            |       |     6 |     5 |       ||    11
       Scroll            |       |       |    10 |       ||    10
 Stab: Sleeping          |     1 |     1 |     3 |       ||     5
       Confused          |       |       |       |     1 ||     1
  Eat: Chunk             |     3 |    14 |    22 |     2 ||    41
       Royal jelly       |       |       |     1 |       ||     1
Armor: Skin              |    54 |   118 |   166 |    63 ||   401
Dodge: Dodged            |    73 |   230 |   470 |   203 ||   976
